 Dungeon Crawl Stone Soup version 0.19-a0-147-g6f47703 (webtiles) character file.

98 Duffy the Magician (level 4, 0/24 HPs)
             Began as a Deep Elf Wizard on May 18, 2016.
             Slain by an ogre
             ... wielding a +0 giant spiked club
              (24 damage)
             ... on level 4 of the Dungeon.
             The game lasted 00:03:40 (3229 turns).

Duffy the Magician (Deep Elf Wizard)                Turns: 3229, Time: 00:03:41

Health: 0/24       AC:  2    Str:  4    XL:     4   Next: 43%
Magic:  1/14       EV: 13    Int: 23    God:
Gold:   102        SH:  5    Dex: 14    Spells: 6 memorised, 2 levels left

rFire  . . .     SeeInvis .     (no weapon)
rCold  . . .     Gourm    .     a - +0 robe
rNeg   . . .     Faith    .     (no shield)
rPois  .         Spirit   .     b - +0 hat
rElec  .         Dismiss  .     (no cloak)
rCorr  .         Reflect  +     (no gloves)
SustAt .         Harm     .     (no boots)
MR     .....                    l - +5 amulet of reflection
Stlth  ++........               (no ring)
                                o - +3 ring of slaying

@: very slightly contaminated, repel missiles, not resistant to hostile
enchantments, unstealthy
A: no striking features
a: no special abilities


You were on level 4 of the Dungeon.
You were hungry.

You visited 1 branch of the dungeon, and saw 4 of its levels.

You collected 102 gold pieces.


   Skills:
 - Level 2.4 Dodging
 - Level 2.4 Stealth
 + Level 6.0 Spellcasting
 + Level 3.3 Conjurations
 - Level 1.1 Summonings
 - Level 1.1 Translocations


You had 2 spell levels left.
You knew the following spells:

 Your Spells              Type           Power        Failure   Level  Hunger
a - Magic Dart            Conj           ###.         2%          1    None
i - Call Imp              Summ           ##......     10%         2    None
l - Conjure Flame         Conj/Fire      ##......     14%         3    #......
m - Repel Missiles        Chrm/Air       #.....       14%         2    None
n - Mephitic Cloud        Conj/Pois/Air  ##......     17%         3    #......
B - Blink                 Tloc           N/A          10%         2    None

Inventory:

Armour
 a - a +0 robe (worn)
 b - a +0 hat (worn)
Jewellery
 l - a +5 amulet of reflection (around neck)
 o - a +3 ring of slaying (left hand)
Scrolls
 e - 2 scrolls of enchant weapon {unknown}
 g - 3 scrolls of fog {unknown}
 i - 3 scrolls of identify {unknown}
 k - a scroll of enchant armour {unknown}
 n - a scroll of remove curse {unknown}
Potions
 f - a potion of brilliance {unknown}
 j - 2 potions of agility {unknown}
 m - a potion of berserk rage {unknown}
 p - a potion of curing {unknown}
Books
 c - a book of Minor Magic
Comestibles
 d - 3 bread rations
 h - a meat ration

Dungeon Overview and Level Annotations

Branches:
Dungeon (4/15)
 Temple: D:4-7

Altars:
Kikubaaqudgha
Nemelex Xobeh
Zin
The Shining One


Message History

Your crimson imp blinks!
Cast which spell? (? or * to list)
Aiming: Magic Dart
Press: ? - help, Shift-Dir - straight line, f/p - ogre
Aim: an ogre, wielding a giant spiked club (lightly wounded)
The magic dart hits the ogre.
The ogre is lightly wounded.
The bat closely misses you.
Cast which spell? (? or * to list)
A beastly little devil appears in a puff of flame.
The bat barely misses your crimson imp.
The ogre completely misses your crimson imp.
Cast which spell? (? or * to list)
A metallic apparition takes form in the air.
The bat barely misses your crimson imp.
Cast which spell? (? or * to list)
You blink.
Found two clubs and a leather armour.
Cast which spell? (? or * to list)
Aiming: Magic Dart
Press: ? - help, Shift-Dir - straight line, f/p - ogre
Aim: an ogre, wielding a giant spiked club (lightly wounded)
The magic dart hits the ogre.
The ogre is lightly wounded.
The bat hits you but does no damage.
Your iron imp hits the ogre!
Cast which spell? (? or * to list)
You don't have enough magic to cast that spell.
You block the bat's attack.
The bat hits your crimson imp but does no damage.
Your crimson imp completely misses the bat.
Your crimson imp blinks!
The bat hits your crimson imp but does no damage.
The bat closely misses you.
The bat hits your crimson imp but does no damage.
The bat completely misses your crimson imp.
Your crimson imp blinks! x2
Your crimson imp closely misses the bat.
Your iron imp misses the bat.
Your crimson imp blinks!
You see here 29 stones.
The bat misses you.
Your crimson imp hits the bat.
The bat dies!
You block the ogre's attack.
Your crimson imp blinks!
Your crimson imp barely misses the ogre.
Your crimson imp blinks!
Your crimson imp hits the ogre.
The ogre hits you with a giant spiked club!!
Ouch! That really hurt!
You die...

##.....###...#
#.......[)..#
...........#
...........##
........(...#
............##
.......%..5..##
).........5O..##
###......(..@..#
###..........#
#........<.#
#.5........#
...........#
...........##
....####...$#
######


You could see an ogre, a friendly iron imp and 2 friendly crimson imps.

Action                   |  1- 3 |  4- 6 || total
-------------------------+-------+-------++-------
 Cast: Magic Dart        |    89 |    21 ||   110
       Repel Missiles    |     1 |       ||     1
       Call Imp          |    10 |     7 ||    17
       Blink             |       |     3 ||     3
  Eat: Chunk             |     4 |     2 ||     6
Armor: Robe              |     2 |     2 ||     4
Dodge: Dodged            |     3 |     5 ||     8
Block: Other             |     1 |     4 ||     5

Notes
Turn   | Place    | Note
--------------------------------------------------------------
     0 | D:1      | Duffy the Deep Elf Wizard began the quest for the Orb.
     0 | D:1      | Reached XP level 1. HP: 10/10 MP: 7/7
   859 | D:1      | Reached XP level 2. HP: 5/15 MP: 4/9
  1210 | D:2      | Reached skill level 5 in Spellcasting
  1404 | D:2      | Reached skill level 2 in Conjurations
  1408 | D:2      | Learned a level 2 spell: Blink
  1411 | D:2      | Learned a level 2 spell: Repel Missiles
  1414 | D:2      | Learned a level 2 spell: Call Imp
  1525 | D:2      | Found a glowing silver altar of Zin.
  1527 | D:2      | Found a sparkling altar of Nemelex Xobeh.
  1558 | D:2      | Found an ancient bone altar of Kikubaaqudgha.
  1560 | D:2      | Found a glowing golden altar of the Shining One.
  1812 | D:2      | Reached XP level 3. HP: 19/19 MP: 8/11
  2172 | D:2      | Learned a level 3 spell: Conjure Flame
  2176 | D:2      | Learned a level 3 spell: Mephitic Cloud
  2228 | D:3      | Found a faded altar to an unknown god.
  2413 | D:3      | Reached skill level 3 in Conjurations
  2413 | D:3      | Reached XP level 4. HP: 24/24 MP: 2/13
  2959 | D:3      | Reached skill level 6 in Spellcasting
  3210 | D:4      | Noticed an ogre
  3229 | D:4      | Slain by an ogre

Skill      XL: |  1  2  3  4 |
---------------+-------------+-----
Spellcasting   | 5 6 |  6.0
Conjurations   | 2 3 |  3.3
Dodging        | |  2.4
Stealth        | |  2.4
Summonings     | |  1.1
Translocations | |  1.1

Vault maps used:
D:1:      dpeg_arrival_tiny_g, kennysheep_decorative_pillar
D:2:      nicolae_overflow_hidden_temple
D:3:      ecumenical_altar_2
D:4:      first_bread

Vanquished Creatures
  An orc wizard
  3 gnolls
  An ooze
  3 worms
  3 dart slugs
  4 giant geckos
  2 orcs
  4 bats
  3 giant cockroaches
  2 goblins
  6 hobgoblins
  3 kobolds
  2 ball pythons
  2 giant newts
  2 rats
41 creatures vanquished.
